 Dungeon Crawl Stone Soup version 0.29.1-12-g30fa7ad0bf (webtiles) character file.

Game seed: 6385447471909110466

137 wormed the Ruffian (level 5, 0/73 HPs)
             Began as a Troll Gladiator on Dec 23, 2022.
             Slain by a frilled lizard (2 damage)
             ... on level 2 of the Dungeon.
             The game lasted 00:02:37 (1620 turns).

wormed the Ruffian (Troll Gladiator)                Turns: 1620, Time: 00:02:38

Health: 0/73       AC:  4    Str: 24    XL:     5   Next: 0%
Magic:  4/4        EV: 10    Int:  4    God:
Gold:   77         SH:  0    Dex: 11    Spells: 4/4 levels left

rFire   . . .      SeeInvis .     - Unarmed
rCold   . . .      Faith    .   (no shield)
rNeg    . . .      Spirit   .   a - +0 robe
rPois   .          Reflect  .   b - +0 hat
rElec   .          Harm     .   (no cloak)
rCorr   .          Rampage  .   (gloves unavailable)
Will    .....                   (boots unavailable)
Stlth   ..........              (no amulet)
HPRegen 1.02/turn               (no ring)
MPRegen 0.09/turn               (no ring)

@: berserking, lethally poisoned (0 -> -2), very quick
A: large, unfitting armour, claws 3, regeneration 1, shaggy fur 1, tough skin 1
a: no special abilities


You were on level 2 of the Dungeon.
You visited 1 branch of the dungeon, and saw 3 of its levels.

You collected 77 gold pieces.

Inventory:

Missiles
 c - 3 throwing nets (quivered)
 d - a large rock
 k - 3 javelins
Armour
 a - a +0 robe (worn)
 b - a +0 hat (worn)
Scrolls
 e - 2 scrolls of teleportation {unknown}
 f - 2 scrolls of poison {unknown}
 l - a scroll of immolation {unknown}
 m - a scroll of magic mapping {unknown}
 n - a scroll of identify {unknown}
Potions
 g - a potion of berserk rage
 i - a potion of flight {unknown}
 j - 2 potions of invisibility {unknown}
 o - 2 potions of brilliance {unknown}


   Skills:
 + Level 2.2 Fighting
 + Level 2.4 Throwing
 + Level 1.3 Armour
 + Level 2.8 Dodging
 * Level 4.1 Unarmed Combat


You had 4 spell levels left.
You didn't know any spells.
Your spell library was empty.

Dungeon Overview and Level Annotations

Branches:
Dungeon (3/15)

Altars:


Innate Abilities, Weirdness & Mutations

You are too large for most types of armour.
You have claws for hands.
Your natural rate of healing is unusually fast.
You are covered in fur. (AC +1)
You have tough skin. (AC +1)


Message History

The scorpion stings you but does no damage.
There is a stone staircase leading up here.
You feel sick. The scorpion barely misses you.
The frilled lizard closely misses you.
You climb upwards.
You feel sick.
There is a stone staircase leading down here.
As you read the scroll labelled TYANKORGH IZEM, it crumbles to dust.
You hear a loud clanging noise!
It was a scroll of noise.
You feel sick. The scorpion barely misses you. The frilled lizard misses you.
The scorpion completely misses you.
It was a potion of berserk rage.
A red film seems to cover your vision as you go berserk!
You feel yourself moving faster!
You feel mighty!
You feel sick. The frilled lizard bites you.
* * * LOW HITPOINT WARNING * * *
The scorpion stings you.
* * * LOW HITPOINT WARNING * * *
You are more poisoned.
The scorpion poisons you!
You barely miss the scorpion.
* * * LOW HITPOINT WARNING * * *
You feel very sick. The frilled lizard barely misses you.
The scorpion stings you.
* * * LOW HITPOINT WARNING * * *
You are too berserk!
You claw the scorpion!
The scorpion is almost dead.
* * * LOW HITPOINT WARNING * * *
You feel sick.
The frilled lizard bites you but does no damage.
You claw the scorpion!
You kill the scorpion!
* * * LOW HITPOINT WARNING * * *
You feel sick.
Your Unarmed Combat skill increases to level 4!
You have reached level 5!
You barely miss the frilled lizard.
* * * LOW HITPOINT WARNING * * *
You feel sick. The frilled lizard bites you.
You die...

########## #........# #
#.######.######## # #.#
#.#......# ####### #.#
#l#.####.# #.....' #.#
#@#.# #.# #.##### #.#
#.#.# #.# #...# # #.#
#.#.####.#####.# # #.#
#........#†....#
#.########.#......#####
#..........#.############
##########.#.# #........^
#.#.# #.########
#.#.###.#


You could see a frilled lizard.

Vanquished Creatures
  A scorpion (D:2)
  3 adders (D:2)
  A worm (D:2)
  A dart slug (D:2)
  6 ball pythons
  5 endoplasms
  2 giant cockroaches (D:2)
  7 goblins
  7 hobgoblins
  2 bats
  2 frilled lizards (D:1)
  3 kobolds
  7 rats
47 creatures vanquished.

Notes
Turn   | Place    | Note
-------+----------+-------------------------------------------
     0 | D:1      | wormed the Troll Gladiator began the quest for the Orb.
     0 | D:1      | Reached XP level 1. HP: 19/19 MP: 0/0
    85 | D:1      | Reached XP level 2. HP: 28/28 MP: 1/1
   433 | D:1      | Reached XP level 3. HP: 35/35 MP: 2/2
  1238 | D:2      | Reached skill level 1 in Armour
  1354 | D:2      | Reached XP level 4. HP: 42/42 MP: 3/3
  1603 | D:3      | Noticed a scorpion
  1618 | D:2      | HP: 3/63 [poisoned by a scorpion]
  1619 | D:2      | Killed a scorpion
  1620 | D:2      | Reached skill level 4 in Unarmed Combat
  1620 | D:2      | Reached XP level 5. HP: 2/49 MP: 4/4
  1620 | D:2      | Slain by a frilled lizard

Illustrated notes

Levels and vault maps discovered:
D:1:      minmay_arrival_open_corners, layout_basic, grunt_decor_junction
D:2:      wad_crossroads, layout_basic
D:3:      layout_loops_cross, tgw_trog, st_stairs_10

Skill      XL: |  1  2  3  4 |
---------------+-------------+-----
Throwing       | 2 |  2.4
Fighting       | 2 |  2.2
Armour         | 1 |  1.3
Unarmed Combat | 4 |  4.1
Dodging        | |  2.8

Action                   |  1- 3 |  4- 6 || total
-------------------------+-------+-------++-------
Melee: Unarmed           |    91 |    16 ||   107
  Use: Scroll            |       |     1 ||     1
       Potion            |       |     1 ||     1
 Stab: Sleeping          |     3 |     1 ||     4
Armor: Robe              |    25 |     9 ||    34
Dodge: Dodged            |    38 |    11 ||    49
